Map: Triton LE

Players

NoRegreT - Winner!

  • Race: Zerg Zerg
  • Spawn Location: 11:00

Stats

  • Race: Protoss Protoss
  • League: Master
  • Spawn Location: 5:00

Event: NationWars 2019

VOD

Have the link to the VOD?

Description

Time

  • Played on: Dec. 1, 2019, 12:21 p.m.
  • Length: 8:06
Show
View Real Time Build Order
Export as new Build Order

NoRegreT Zerg - Winner!

Build Orders: Hatch First 

Get SALT Encoding   

  12  0:00  Drone  
  13  0:13  Overlord  
  13  0:16  Drone  
  14  0:32  Drone x2  
  16  0:40  Drone  
  17  0:51  Hatchery  
  17  0:55  Drone  
  17  1:00  Extractor  
  16  1:12  Spawning Pool  
  16  1:14  Drone  
  16  1:17  Drone  
  17  1:21  Drone  
  18  1:31  Drone  
  19  1:44  Drone  
  20  1:52  Hatchery  
  19  2:01  Zergling x4  
  21  2:08  Zergling x2  
  22  2:10  Metabolic Boost  
  22  2:18  Drone x2  
  24  2:27  Drone  
  25  2:33  Drone  
  25  2:35  Drone  
  27  2:38  Extractor, Queen  
  27  2:39  Overlord  
  29  2:47  Overlord  
  29  2:57  Queen  
  31  2:59  Drone  
  31  3:00  Drone  
  31  3:03  Drone  
  31  3:05  Drone x2  
  36  3:08  Drone  
  37  3:15  Drone  
  37  3:16  Drone  
  37  3:19  Drone  
  38  3:28  Queen  
  38  3:32  Drone x3  
  43  3:38  Drone x2  
  45  3:43  Spore Crawler  
  45  3:44  Spore Crawler  
  45  3:45  Drone  
  45  3:47  Drone  
  45  3:50  Overlord  
  45  3:51  Spore Crawler  
  45  3:52  Lair  
  44  3:56  Extractor  
  44  3:59  Overlord  
  43  4:04  Overlord  
  43  4:09  Drone  
  44  4:10  Drone x5  
  44  4:12  Drone  
  44  4:15  Overlord  
  48  4:26  Zergling x10  
  48  4:27  Zergling x4, Drone  
  48  4:30  Drone  
  57  4:37  Drone  
  57  4:38  Drone, Extractor x2  
  56  4:41  Zergling x4  
  56  4:44  Zergling x2  
  61  4:45  Drone  
  61  4:46  Drone  
  61  4:50  Drone  
  61  4:51  Drone  
  64  4:57  Zergling x2  
  64  4:58  Hydralisk Den  
  62  5:03  Zergling x10  
  66  5:12  Drone x2  
  66  5:14  Drone x2  
  70  5:15  Drone  
  71  5:23  Drone x3  
  71  5:24  Overlord  
  74  5:28  Overlord  
  74  5:31  Muscular Augments  
  74  5:34  Overlord  
  72  5:38  Hydralisk x2  
  72  5:40  Hydralisk  
  72  5:41  Hydralisk x2  
  73  5:43  Hydralisk  
  73  5:45  Hydralisk  
  73  5:47  Hydralisk  
  77  5:53  Hydralisk  
  79  5:58  Hydralisk  
  79  6:00  Zergling x8  
  79  6:01  Zergling x4  
  87  6:08  Zergling x4  
  89  6:12  Zergling x4, Baneling Nest  
  89  6:16  Zergling x2  
  89  6:17  Zergling x2  
  89  6:18  Zergling x4  
  94  6:19  Zergling x2  
  94  6:20  Zergling x2  
  94  6:21  Zergling x4  
  94  6:22  Overlord  
  94  6:24  Overlord  
  98  6:31  Zergling x4  
  96  6:36  Zergling x2  
  96  6:37  Zergling x2  
  98  6:41  Zergling x2  
  98  6:42  Zergling x2  
  98  6:45  Zergling x2  
  98  6:46  Zergling x8  
  105  6:48  Zergling x6  
  105  6:51  Zergling x4  
  110  6:55  Baneling x6  
  110  6:56  Baneling x5  
  110  6:57  Baneling x5  
  109  7:02  Zergling x2  
  109  7:03  Zergling x4  
  109  7:04  Zergling x2  
  109  7:05  Overlord  
  113  7:14  Zergling x2  
  105  7:18  Zergling x16  
  103  7:22  Hydralisk  
  103  7:25  Hydralisk  
  103  7:28  Hydralisk  
  108  7:36  Hydralisk x2  
  112  7:37  Zergling x2  
  112  7:43  Zergling x2  
  109  7:48  Zergling x2  
Show
View Real Time Build Order
Export as new Build Order

Stats Protoss 

Build Orders: 1 Gate Expand, Oracle Opening, Phoenix Opening, Chargelot Immortal 

Get SALT Encoding   

  12  0:00  Probe  
  13  0:13  Probe  
  14  0:20  Pylon  
  14  0:25  Probe  
  15  0:38  Probe (Chrono Boost)  
  15  0:42  Gateway  
  16  0:48  Assimilator  
  16  0:49  Probe (Chrono Boost)  
  17  0:54  Probe (Chrono Boost)  
  18  1:04  Probe  
  19  1:16  Probe  
  20  1:23  Nexus  
  20  1:33  Cybernetics Core  
  20  1:35  Probe  
  21  1:41  Assimilator  
  21  1:48  Probe  
  21  1:50  Pylon  
  22  2:00  Probe  
  23  2:07  Adept (Chrono Boost)  
  23  2:12  Probe  
  26  2:17  Stargate  
  26  2:24  Probe (Chrono Boost)  
  26  2:26  Warp Gate  
  26  2:29  Adept  
  27  2:35  Probe (Chrono Boost)  
  31  2:38  Probe (Chrono Boost)  
  32  2:45  Probe (Chrono Boost)  
  32  2:47  Probe (Chrono Boost)  
  33  2:51  Probe x2 (Chrono Boost)  
  35  3:00  Phoenix  
  35  3:02  Probe x2  
  38  3:21  Probe x2  
  38  3:23  Oracle (Chrono Boost)  
  43  3:28  Gateway  
  43  3:33  Pylon, Probe x2  
  45  3:45  Probe, Assimilator  
  45  3:47  Assimilator  
  46  3:48  Pylon  
  46  3:50  Oracle (Chrono Boost)  
  46  3:51  Probe  
  50  3:57  Probe  
  51  4:03  Pylon, Probe  
  51  4:09  Probe  
  53  4:12  Robotics Facility  
  53  4:15  Probe  
  54  4:17  Adept  
  54  4:21  Probe  
  57  4:24  Adept  
  57  4:28  Probe  
  60  4:33  Probe  
  61  4:40  Adept, Probe  
  61  4:41  Nexus  
  61  4:43  Pylon  
  61  4:45  Pylon, Adept  
  66  4:54  Probe x2  
  68  5:05  Observer  
  69  5:07  Sentry x2  
  69  5:11  Probe x2  
  75  5:15  Forge  
  75  5:17  Twilight Council  
  75  5:19  Gateway  
  75  5:20  Gateway  
  75  5:25  Probe x2  
  77  5:30  Sentry x2  
  77  5:34  Immortal (Chrono Boost)  
  85  5:37  Probe  
  86  5:43  Charge  
  86  5:45  Protoss Ground Weapons Level 1 (Chrono Boost), Shield Battery  
  86  5:53  Probe x2  
  86  5:56  Probe  
  89  6:00  Observer  
  89  6:05  Probe x2  
  89  6:08  Probe  
  92  6:11  Immortal (Chrono Boost)  
  92  6:12  Gateway  
  92  6:13  Gateway  
  92  6:14  Gateway  
  92  6:17  Templar Archives  
  96  6:23  Probe x3  
  96  6:25  Assimilator  
  99  6:26  Pylon, Assimilator  
  99  6:38  Gateway  
  99  6:39  Pylon  
  100  6:40  Probe x2  
  100  6:41  Immortal  
  100  6:44  Probe, Shield Battery  
  100  6:46  Shield Battery  
  102  6:53  Zealot  
  108  6:58  High Templar  
  108  6:59  High Templar, Zealot  
  108  7:00  Pylon  
  114  7:02  Pylon, Archon  
  114  7:08  Pylon  
  114  7:10  Pylon  
  107  7:18  Zealot  
  107  7:19  Zealot x3  
  89  7:23  Zealot  
  89  7:27  Immortal (Chrono Boost)  
  91  7:32  Zealot x2  
  91  7:39  Zealot x5  
  86  7:45  Zealot  
  80  7:55  Zealot  
Tags
 
Add a new tag
Caveats
  • Supply blocks, unpowered buildings, or Contaminate may cause inaccurate times.
  • Supply counts are checked every 10 seconds.